 Dungeon Crawl Stone Soup version 0.29.0-11-gd7f09526c8 (webtiles) character file.

Game seed: 6333383009510298150

9 SensoryNuts the Trooper (level 2, 0/24 HPs)
             Began as a Demonspawn Fighter on Sept 3, 2022.
             Slain by a kobold
             ... wielding a +0 short sword
              (3 damage)
             ... on level 1 of the Dungeon.
             The game lasted 00:00:19 (209 turns).

SensoryNuts the Trooper (Demonspawn Fighter)         Turns: 209, Time: 00:00:19

Health: 0/24       AC:  6    Str: 16    XL:     2   Next: 3%
Magic:  2/2        EV:  9    Int:  9    God:
Gold:   0          SH:  4    Dex: 12    Spells: 1/1 levels left

rFire   . . .      SeeInvis .   a - +0 long sword
rCold   . . .      Faith    .   c - +0 buckler
rNeg    . . .      Spirit   .   b - +0 scale mail
rPois   .          Reflect  .   (no helmet)
rElec   .          Harm     .   (no cloak)
rCorr   .          Rampage  .   (no gloves)
Will    .....                   (no boots)
Stlth   ..........              (no amulet)
HPRegen 0.08/turn               (no ring)
MPRegen 0.08/turn               (no ring)

@: no status effects
A: sturdy frame 1
a: no special abilities


You were on level 1 of the Dungeon.
You visited 1 branch of the dungeon, and saw 1 of its levels.

Inventory:

Hand Weapons
 a - a +0 long sword (weapon)
Armour
 b - a +0 scale mail (worn)
 c - a +0 buckler (worn)
Jewellery
 f - a ring of flight
Scrolls
 e - a scroll of enchant weapon {unknown}
Potions
 d - a potion of might


   Skills:
 + Level 3.1 Fighting
 * Level 2.0 Long Blades
 + Level 2.8 Armour
 + Level 2.8 Shields


You had one spell level left.
You didn't know any spells.
Your spell library was empty.

Dungeon Overview and Level Annotations

Branches:
Dungeon (1/15)

Altars:


Innate Abilities, Weirdness & Mutations

Your movements are slightly less encumbered by armour. (ER -2)


Message History

You are too injured to fight recklessly!
You are too injured to fight recklessly!
You are too injured to fight recklessly!
You are too injured to fight recklessly!
Unknown command.
You hit the kobold.
You kill the kobold!
You have reached level 2!
Your demonic ancestry asserts itself...
You feel less encumbered by your armour.
You hit the kobold.
The kobold is severely wounded.
The kobold hits you but does no damage. The kobold closely misses you.
You closely miss the kobold.
The kobold is severely wounded.
You block the kobold's attack.
You closely miss the kobold.
The kobold is severely wounded.
The kobold hits you with a +0 short sword.
You closely miss the kobold.
The kobold is severely wounded.
The kobold hits you but does no damage.
The kobold hits you with a +0 short sword.
* * * LOW HITPOINT WARNING * * *
You closely miss the kobold.
The kobold is severely wounded.
The kobold hits you with a +0 short sword.
* * * LOW HITPOINT WARNING * * *
You hit the kobold but do no damage.
The kobold is severely wounded.
The kobold hits you but does no damage.
You hit the kobold but do no damage.
The kobold is severely wounded.
The kobold barely misses you.
You closely miss the kobold.
The kobold is severely wounded.
The kobold hits you with a +0 short sword.
* * * LOW HITPOINT WARNING * * *
The kobold hits you with a +0 short sword.
You die...

<.♣~# #.#
♣P.÷...#♣ .♣8♣
##.# #♣~÷.....♣
.~♣~###..#
P...§...♣
.#~###..##
.......♣ ###
.#####.## .....P#
#.. .......# .l.P#
#.. ######## #KK.♣
#.. #K# #.. #@#
#.. #.### #..
#...##############
###.........#.....
####.###.##.###.
#........#.#.
####...#...#.
#.#.....#.#.
#.#.#.###.#.


You could see 3 kobolds and a frilled lizard.

Vanquished Creatures
  A dart slug (D:1)
  A bat (D:1)
  A giant cockroach (D:1)
  2 kobolds (D:1)
  2 rats (D:1)
7 creatures vanquished.

Vanquished Creatures (others)
  6 plants (D:1)
  3 toadstools (D:1)
9 creatures vanquished.

Grand Total: 16 creatures vanquished

Notes
Turn   | Place    | Note
-------+----------+-------------------------------------------
     0 | D:1      | SensoryNuts the Demonspawn Fighter began the quest for the
                  | Orb.
     0 | D:1      | Reached XP level 1. HP: 18/18 MP: 1/1
    66 | D:1      | Found a faded altar of an unknown god.
   202 | D:1      | Gained mutation: Your movements are slightly less
                  | encumbered by armour. (ER -2) [demonic ancestry]
   202 | D:1      | Reached XP level 2. HP: 11/24 MP: 2/2
   209 | D:1      | Slain by a kobold

Illustrated notes

Levels and vault maps discovered:
D:1:      ldierk_walled_garden_2, layout_basic,
          dreamdust_ecumenical_altar_grove, lexackson_kobold_supper

Skill      XL: |  1 |
---------------+----+-----
Long Blades    | 2 |  2.0
Fighting       | |  3.1
Armour         | |  2.8
Shields        | |  2.8

Action                   || total
-------------------------++-------
Melee: Long sword        ||    39
Armor: Scale mail        ||    23
Dodge: Dodged            ||    21
Block: Buckler           ||     8
